Map: 暮色之塔

Players

Quail - Winner!

  • Race: Protoss Protoss
  • League: Platinum

Stargazer

  • Race: Zerg Zerg
  • League: Gold

VOD

Have the link to the VOD?

Description

Time

  • Played on: Dec. 4, 2015, 3:33 a.m.
  • Length: 12:01
Show
View Real Time Build Order
Export as new Build Order

Quail Protoss - Winner!

Build Orders: 1 Gate Expand, Oracle Opening 

Get SALT Encoding   

  12  0:00  Probe (Chrono Boost)  
  13  0:11  Probe (Chrono Boost)  
  14  0:19  Pylon  
  14  0:22  Probe (Chrono Boost)  
  15  0:37  Probe (Chrono Boost)  
  15  0:40  Gateway  
  16  0:48  Probe (Chrono Boost)  
  17  1:08  Nexus  
  17  1:14  Probe (Chrono Boost)  
  17  1:18  Assimilator  
  18  1:24  Probe (Chrono Boost)  
  19  1:29  Cybernetics Core  
  19  1:35  Probe (Chrono Boost)  
  19  1:37  Assimilator  
  20  1:45  Probe (Chrono Boost)  
  21  1:49  Pylon  
  21  1:56  Probe (Chrono Boost)  
  22  2:06  Probe (Chrono Boost)  
  22  2:07  Adept (Chrono Boost)  
  25  2:17  Probe  
  25  2:22  Probe  
  26  2:25  Stargate  
  26  2:29  Probe  
  28  2:33  Adept (Chrono Boost)  
  28  2:34  Probe  
  31  2:41  Probe  
  32  2:45  Probe  
  33  2:54  Mothership Core  
  33  2:58  Warp Gate  
  35  2:59  Pylon  
  35  3:00  Probe  
  35  3:04  Adept (Chrono Boost)  
  37  3:18  Gateway  
  37  3:26  Probe  
  37  3:27  Probe  
  37  3:29  Assimilator  
  37  3:33  Assimilator  
  39  3:36  Pylon  
  39  3:39  Probe  
  40  3:42  Probe  
  40  3:46  Adept (Chrono Boost)  
  46  3:50  Oracle  
  46  3:51  Probe  
  46  3:53  Probe  
  48  4:03  Probe, Pylon  
  48  4:04  Probe  
  52  4:13  Stalker (Chrono Boost)  
  52  4:14  Robotics Facility  
  54  4:17  Adept (Chrono Boost)  
  54  4:18  Probe  
  54  4:19  Probe  
  56  4:28  Probe  
  55  4:31  Probe  
  52  4:39  Probe  
  52  4:43  Probe  
  54  4:48  Sentry (Chrono Boost)  
  54  4:49  Sentry (Chrono Boost), Probe  
  57  4:54  Gateway, Pylon  
  57  4:55  Probe  
  57  4:57  Gateway  
  58  5:00  Probe  
  58  5:04  Immortal  
  63  5:08  Probe  
  64  5:15  Probe  
  64  5:20  Probe  
  66  5:26  Probe  
  67  5:31  Gateway, Phoenix  
  67  5:33  Gateway  
  69  5:41  Adept  
  69  5:42  Adept  
  71  5:44  Probe  
  71  5:46  Stargate  
  71  5:47  Pylon  
  71  5:48  Fleet Beacon  
  72  6:02  Adept  
  72  6:03  Adept  
  76  6:06  Phoenix (Chrono Boost)  
  76  6:08  Immortal  
  82  6:12  Pylon  
  82  6:19  Forge  
  82  6:21  Pylon  
  82  6:24  Stalker x2  
  86  6:28  Twilight Council  
  86  6:30  Phoenix (Chrono Boost)  
  88  6:34  Sentry  
  90  6:48  Robotics Bay  
  90  6:52  Adept  
  90  6:53  Adept  
  94  6:56  Warp Prism  
  96  7:04  Nexus  
  96  7:08  Pylon  
  96  7:11  Pylon  
  96  7:17  Carrier (Chrono Boost)  
  102  7:28  Adept  
  104  7:30  Pylon  
  104  7:34  Photon Cannon  
  104  7:35  Photon Cannon  
  104  7:38  Pylon  
  104  7:40  Pylon  
  110  7:58  Carrier (Chrono Boost)  
  107  8:15  Adept x2  
  107  8:16  Adept x2  
  115  8:32  Resonating Glaives  
  121  8:36  Carrier (Chrono Boost)  
  121  8:37  Probe, Adept x4  
  121  8:38  Probe  
  121  8:39  Probe  
  132  8:49  Assimilator  
  132  8:53  Assimilator  
  132  8:56  Pylon  
  132  9:02  Adept  
  134  9:10  Adept x3  
  134  9:12  Carrier (Chrono Boost)  
  146  9:30  Pylon  
  146  9:33  Gateway  
  146  9:35  Gateway  
  146  9:52  Carrier (Chrono Boost)  
  152  9:56  Adept x2  
  152  9:57  Adept  
  152  9:58  Probe  
  153  10:02  Probe  
  153  10:04  Probe  
  155  10:10  Stargate  
  155  10:12  Probe  
  155  10:13  Probe  
  156  10:21  Carrier (Chrono Boost)  
  157  10:23  Adept x4  
  171  10:46  Adept  
  173  10:52  Pylon  
  173  10:56  Pylon  
  173  10:58  Photon Cannon  
  173  11:09  Templar Archives  
  179  11:12  Pylon  
  185  11:23  Adept x2  
  189  11:36  Nexus  
Show
View Real Time Build Order
Export as new Build Order

Stargazer Zerg 

Build Orders: Pool First 

Get SALT Encoding   

  12  0:01  Drone  
  13  0:08  Drone  
  14  0:17  Overlord  
  14  0:24  Drone, Extractor  
  14  0:36  Drone x2  
  16  0:46  Drone  
  17  0:52  Spawning Pool  
  17  0:56  Drone  
  17  1:08  Drone  
  18  1:26  Drone  
  18  1:29  Hatchery  
  18  1:31  Drone  
  19  1:39  Queen  
  21  1:45  Metabolic Boost  
  21  1:48  Drone  
  22  1:56  Overlord  
  22  2:09  Evolution Chamber  
  22  2:10  Zergling x2  
  22  2:15  Zergling x2  
  23  2:24  Zergling x2  
  24  2:33  Zergling x2  
  25  2:43  Queen  
  27  2:45  Zergling x4  
  29  2:55  Zergling x8  
  33  3:00  Zerg Melee Weapons Level 1  
  33  3:05  Zergling x2  
  34  3:17  Drone x2  
  34  3:19  Overlord  
  33  3:39  Lair  
  32  3:44  Roach Warren  
  31  3:54  Drone x5  
  31  3:55  Drone x2  
  38  4:07  Drone x5  
  43  4:14  Evolution Chamber  
  43  4:17  Zergling x4  
  44  4:31  Overlord x2  
  42  4:51  Hydralisk Den  
  42  4:52  Roach, Zergling x4  
  45  4:53  Zergling x6  
  45  4:56  Zerg Missile Weapons Level 1  
  48  5:03  Roach  
  46  5:26  Hydralisk x3  
  48  5:46  Extractor  
  47  5:50  Drone x4  
  51  6:11  Hydralisk x2  
  51  6:16  Extractor  
  51  6:17  Roach, Zergling x4  
  51  6:18  Zergling x2  
  59  6:31  Overlord  
  59  6:32  Overlord  
  59  6:33  Hatchery  
  59  6:37  Hydralisk  
  60  6:52  Hydralisk  
  62  7:04  Hydralisk x2  
  63  7:24  Hydralisk  
  63  7:25  Hydralisk x2  
  70  7:30  Zergling x12  
  75  7:43  Overlord x2  
  75  7:50  Zerg Missile Weapons Level 2  
  75  7:53  Zergling x6  
  75  7:54  Zergling x4  
  75  8:09  Hydralisk x3  
  79  8:27  Drone x3  
  81  8:34  Hydralisk x3  
  88  8:42  Hydralisk  
  88  8:46  Zergling x4  
  88  8:47  Zergling x10  
  97  8:57  Muscular Augments  
  97  9:01  Zergling x2  
  98  9:04  Overlord  
  98  9:26  Hydralisk x3  
  102  9:31  Hydralisk  
  104  9:41  Zerg Ground Armor Level 1  
  104  9:56  Zergling x4  
  104  9:59  Overlord  
  106  10:14  Overlord x2  
  106  10:19  Hydralisk  
  108  10:23  Zergling x2  
  98  10:44  Zergling x10  
  98  10:47  Hydralisk  
  98  10:54  Hydralisk  
  98  10:57  Zergling x4  
  102  11:05  Zergling x4  
  104  11:16  Zergling x8  
  93  11:27  Drone x2  
  95  11:35  Zergling x6  
  98  11:44  Zergling x2  
Tags
 
Add a new tag
Caveats
  • Supply blocks, unpowered buildings, or Contaminate may cause inaccurate times.
  • Supply counts are checked every 10 seconds.